 Dungeon Crawl Stone Soup version 0.28-a0-1033-g1a2f33fa85 (webtiles) character file.

Game seed: 7133688203451025370

55 siradein the Ducker (level 3, -1/36 HPs)
             Began as a Troll Fighter on Dec 8, 2021.
             Succumbed to Crazy Yiuf's poison
             ... on level 2 of the Dungeon.
             The game lasted 00:01:16 (1141 turns).

siradein the Ducker (Troll Fighter)                 Turns: 1141, Time: 00:01:16

Health: -1/36      AC:  4    Str: 24    XL:     3   Next: 67%
Magic:  2/2        EV:  8    Int:  4    God:
Gold:   50         SH:  7    Dex: 11    Spells: 2/2 levels left

rFire   . . .      SeeInvis .   a - +0 flail
rCold   . . .      Faith    .   c - +0 kite shield
rNeg    . . .      Spirit   .   b - +0 robe
rPois   .          Reflect  .   (helmet restricted)
rElec   .          Harm     .   (no cloak)
rCorr   .          Rampage  .   (gloves unavailable)
Will    +....                   (boots unavailable)
Stlth   +.........              (no amulet)
HPRegen 0.92/turn               f - ring of willpower
MPRegen 0.08/turn               (no ring)

@: lethally poisoned (-1 -> -7)
A: large, unfitting armour, claws 3, regeneration 1, shaggy fur 1, tough skin 1
a: no special abilities


You were on level 2 of the Dungeon.
You visited 1 branch of the dungeon, and saw 2 of its levels.

You collected 50 gold pieces.

Inventory:

Hand Weapons
 a - a +0 flail (weapon)
Missiles
 p - 23 poisoned darts (quivered)
Armour
 b - a +0 robe (worn)
 c - a +0 kite shield (worn)
Jewellery
 f - a ring of willpower (left claw)
Wands
 o - a wand of flame (19)
Scrolls
 e - a scroll of magic mapping {unknown}
 g - a scroll of amnesia {unknown}
 j - 2 scrolls of identify {unknown}
 l - a scroll of enchant weapon {unknown}
 m - a scroll of noise {unknown}
Potions
 d - a potion of might
 h - a potion of heal wounds {unknown}
 i - a potion of mutation {unknown}
 k - a potion of invisibility {unknown}
 n - a potion of attraction {unknown}


   Skills:
 + Level 2.8 Fighting
 + Level 2.3 Maces & Flails
 + Level 2.9 Dodging
 + Level 2.8 Shields


You had 2 spell levels left.
You didn't know any spells.
Your spell library contained the following spells:

 Spells                   Type           Power      Damage    Failure   Level
 Gell's Gravitas          Tloc           0%         N/A       100%        3
 Lesser Beckoning         Tloc           0%         N/A       100%        3
 Teleport Other           Tloc           0%         N/A       100%        3


Dungeon Overview and Level Annotations

Branches:
Dungeon (2/15)

Altars:

Annotations:
D:2 Crazy Yiuf


Innate Abilities, Weirdness & Mutations

You are too large for most types of armour.
You have claws for hands.
Your natural rate of healing is unusually fast.
You are covered in fur. (AC +1)
You have tough skin. (AC +1)


Message History

Crazy Yiuf shouts!
Crazy Yiuf sings, "Trees, trees, trees, circus!"
Could not explore, unopened runed door.
Could not explore, unopened runed door.
Could not explore, unopened runed door.
You open the door.
Crazy Yiuf says, "Buddy wrapper testudinal!"
Crazy Yiuf yells, "Aardvark!
Prologue disdain mobile."
Crazy Yiuf hits you but does no damage.
You hit Crazy Yiuf but do no damage.
Crazy Yiuf zaps a wand.
The puff of flame misses you.
You hit Crazy Yiuf.
Crazy Yiuf is moderately wounded.
Crazy Yiuf barely misses you.
Crazy Yiuf hits you with a +3 quarterstaff of chaos!
Crazy Yiuf freezes you.
You sock Crazy Yiuf!
Crazy Yiuf is almost dead.
Crazy Yiuf hits you with a +3 quarterstaff of chaos!
Crazy Yiuf burns you.
* * * LOW HITPOINT WARNING * * *
You are too injured to fight recklessly!
You are too injured to fight recklessly!
You hit Crazy Yiuf but do no damage.
Crazy Yiuf is almost dead.
You block Crazy Yiuf's attack.
You hit Crazy Yiuf.
Crazy Yiuf is almost dead.
You block Crazy Yiuf's attack.
Crazy Yiuf grits, "Whiteboard!"
Crazy Yiuf zaps a wand.
The puff of flame hits you!
* * * LOW HITPOINT WARNING * * *
You closely miss Crazy Yiuf.
Crazy Yiuf is almost dead.
Crazy Yiuf hits you with a +3 quarterstaff of chaos.
* * * LOW HITPOINT WARNING * * *
You are lethally poisoned!
You barely miss Crazy Yiuf.
Crazy Yiuf is almost dead.
You die...

........#
##..####
........#
#..)..##
........#
#..##..#
#########
######.# #.##
♣♣♣♣♣##..# ###
♣♣♣.♣....#.#
#...#♣..♣.......#
#...g@♣♣♣♣......#
#)..#♣♣ ♣♣....##
### ♣♣####


You could see Crazy Yiuf.

Vanquished Creatures
  2 adders (D:2)
  An endoplasm (D:2)
  3 goblins
  8 hobgoblins
  6 kobolds
  2 quokkas (D:2)
  4 ball pythons
  A bat (D:2)
  A frilled lizard (D:2)
  5 rats
33 creatures vanquished.

Notes
Turn   | Place    | Note
-------+----------+-------------------------------------------
     0 | D:1      | siradein the Troll Fighter began the quest for the Orb.
     0 | D:1      | Reached XP level 1. HP: 22/22 MP: 0/0
   153 | D:1      | Reached XP level 2. HP: 27/29 MP: 1/1
   497 | D:2      | Reached XP level 3. HP: 24/36 MP: 2/2
   899 | D:2      | Found a runed translucent door.
   900 | D:2      | Noticed Crazy Yiuf
  1141 | D:2      | Succumbed to Crazy Yiuf's poison

Illustrated notes

Levels and vault maps discovered:
D:1:      dpeg_arrival_chambers_temple_mockup, layout_rooms, skrybe_limestone_x
D:2:      minmay_door_path, layout_rooms, serial_rivers,
          chequers_serial_rivers_micro_d, chequers_serial_rivers_micro_e,
          chequers_serial_rivers_marsh, chequers_serial_rivers_room_a,
          chequers_serial_rivers_micro_a, chequers_serial_rivers_micro_b,
          uniq_crazy_yiuf_cottage, uniq_terence

Skill      XL: |  1 |
---------------+----+-----
Maces & Flails | 2 |  2.3
Fighting       | |  2.8
Dodging        | |  2.9
Shields        | |  2.8

Action                   || total
-------------------------++-------
Melee: Flail             ||    90
Armor: Robe              ||    41
Dodge: Dodged            ||    45
Block: Kite shield       ||    38

Table legend: (Time is in decaauts)
 A = Elapsed time spent in this place.
 B = Non-inter-level travel time spent in this place.
 C = Inter-level travel time spent in this place.
 D = Time resting spent in this place.
 E = Time spent auto-exploring this place.
 F = Levels seen in this place.
 G = Mean time per level.
                   A        B        C        D        E       F      G
               +--------+--------+--------+--------+--------+-----+--------+
         Total |   1187 |   1148 |     39 |      0 |    900 |   2 |  593.5 |
       Dungeon |   1187 |   1148 |     39 |      0 |    900 |   2 |  593.5 |
               +--------+--------+--------+--------+--------+-----+--------+

Top non-repeatable levels by time:
     D:2: 722 daAuts
     D:1: 465 daAuts
